 Dungeon Crawl Stone Soup version 0.31-a0-176-g91f28db67f (webtiles) character file.

Game seed: 7569449087410930435

386 qw the Shooter (level 6, 0/57 HPs)
             Began as a Naga Hunter on June 17, 2023.
             Slain by a gnoll
             ... wielding a +0 club
             ... led by a gnoll sergeant
              (2 damage)
             ... on level 6 of the Dungeon.
             The game lasted 00:01:15 (3310 turns).

qw the Shooter (Naga Hunter)                        Turns: 3310, Time: 00:01:15

Health: 0/57       AC:  4    Str: 13    XL:     6   Next: 78%
Magic:  0/6        EV:  9    Int: 13    God:
Gold:   102        SH:  0    Dex: 16    Spells: 5/5 levels left

rFire   . . .        Y - +1 shortbow
rCold   . . .        (shield currently unavailable)
rNeg    . . .        c - +0 leather armour
rPois   +            j - +0 helmet {Int+3}
rElec   .            (no cloak)
rCorr   +            (no gloves)
SInv    +            (no barding)
Will    .....        (no amulet)
Stlth   ++           f - ring of resist corrosion
HPRegen 0.29/turn    (no ring)
MPRegen 0.10/turn

%: no passive effects
@: short of breath, very slow
A: AC +2, large, see invisible, deformed body, poison resistance, slowness 2,
spit poison 1, naga tail 1
a: Spit Poison


You were on level 6 of the Dungeon.
You visited 1 branch of the dungeon, and saw 6 of its levels.

You collected 217 gold pieces.
You spent 115 gold pieces at shops.


Innate Abilities, Weirdness & Mutations

Your serpentine skin is tough. (AC +2)
You have supernaturally acute eyesight. (SInv)
Armour fits poorly on your strangely shaped body.
Your system is resistant to poisons. (rPois)
You cover ground very slowly.
You can spit poison.
You have a snake-like lower body.


   Skills:
 - Level 4.1 Fighting
 + Level 6.3 Ranged Weapons
 - Level 1.5 Dodging
 - Level 1.5 Stealth


You had 5 spell levels left.
You didn't know any spells.
Your spell library was empty.

Inventory:

Hand Weapons
 Y - a +1 shortbow (weapon)
Armour
 c - a +0 leather armour (worn)
 j - a +0 helmet of intelligence (worn)
 k - a scarf of invisibility
Jewellery
 f - a ring of resist corrosion (left hand)
 l - a ring of fire
 m - a ring of fire
Scrolls
 g - 3 scrolls of identify
Potions
 a - a potion of haste
 b - a potion of invisibility {unknown}
 d - 3 potions of curing
 e - 2 potions of magic {unknown}
 h - a potion of heal wounds {unknown}
 i - 2 potions of might

Dungeon Overview and Level Annotations

Branches:
Dungeon (7/15)
 Temple: D:4-7

Altars:
Xom

Shops:
D:4 [   D:6 =

Annotations:
D:4 3 runed translucent doors, qw's ghost, novice NaHu


Message History

Aiming: Spit Poison (1% risk of failure)
Press: ? - help, Shift-Dir - straight line, f - gnoll The splash of poison misses the gnoll.
The gnoll closely misses you.
The gnoll sergeant hits you from afar with a +2 antimagic spear.
You shoot an arrow. The arrow hits the gnoll!
The gnoll is heavily wounded.
The gnoll hits you with a +0 club.
The gnoll sergeant hits you from afar with a +2 antimagic spear.
You shoot an arrow. The arrow closely misses the gnoll.
The gnoll hits you with a +0 club.
The gnoll sergeant hits you from afar with a +2 antimagic spear!
You feel your power leaking away.
You shoot an arrow. The arrow hits the gnoll!
You kill the gnoll!
The gnoll sergeant completely misses you.
You shoot an arrow.
The arrow closely misses the gnoll sergeant.
The gnoll sergeant hits you from afar with a +2 antimagic spear.
You feel your power leaking away.
You shoot an arrow. The arrow hits the gnoll.
The gnoll is moderately wounded.
The gnoll barely misses you.
The gnoll sergeant hits you from afar with a +2 antimagic spear!
The gnoll sergeant barely misses you. The gnoll barely misses you.
You shoot an arrow. The arrow barely misses the gnoll.
You have got your breath back.
The gnoll sergeant hits you from afar with a +2 antimagic spear!
The gnoll closely misses you.
3309 ||| INVOKING Spit Poison.
Aiming: Spit Poison (1% risk of failure)
Press: ? - help, Shift-Dir - straight line, f/p - gnoll The splash of poison hits the gnoll.
The gnoll is poisoned.
The gnoll is heavily wounded.
The gnoll sergeant hits you from afar with a +2 antimagic spear!
The gnoll closely misses you.
You shoot an arrow. The arrow barely misses the gnoll.
The gnoll sergeant hits you from afar with a +2 antimagic spear.
The gnoll hits you with a +0 club.
You die...

...........#..#
#.#........
.########..#..
#.#........
..............#
#.#........
.########..##.####
#.#........ ##
#..##....#.#.#
#########..#.....#.#.#
.....................
#########.[......#.#####
#...#......@)......
#.#........g#g##### #
#####.###)# .. ....##...
... #....##.### ###
#....##.# #....##.#
#....##+# ......


You could see a gnoll sergeant and a gnoll (poisoned).

Vanquished Creatures
  2 hounds
  4 iguanas
  Jessica (D:2)
  An orc wizard (D:3)
  2 gnolls (D:6)
  4 adders
  An ufetubus (D:4)
  5 worms
  5 dart slugs
  6 orcs (D:3)
  4 endoplasms
  2 giant cockroaches
  8 hobgoblins
  4 jackals (D:1)
  3 quokkas
  5 ball pythons
  11 bats
  7 frilled lizards
  7 goblins
  A kobold (D:3)
  8 rats
91 creatures vanquished.

Notes
Turn   | Place    | Note
-------+----------+-------------------------------------------
     0 | D:1      | qw the Naga Hunter began the quest for the Orb.
     0 | D:1      | Reached XP level 1. HP: 19/19 MP: 1/1
     0 | D:1      | 0 ||| qw: Version: 0.3-a-5-g6f28e65
     0 | D:1      | 0 ||| qw: Game counter: 436
     0 | D:1      | 0 ||| qw: Always use a shield: true
     0 | D:1      | 0 ||| qw: God list: Okawaru
     0 | D:1      | 0 ||| qw: Allow faded altars: false
     0 | D:1      | 0 ||| qw: Do Orc after D:15 true
     0 | D:1      | 0 ||| qw: Do second Lair branch before Depths: true
     0 | D:1      | 0 ||| qw: Lair rune preference: random
     0 | D:1      | 0 ||| qw: Plans: Normal
     0 | D:1      | 0 ||| PLANNING D:1-11
    53 | D:1      | 53 ||| INVOKING Spit Poison.
    56 | D:1      | 56 ||| INVOKING Spit Poison.
   123 | D:1      | 123 ||| INVOKING Spit Poison.
   179 | D:1      | 179 ||| INVOKING Spit Poison.
   202 | D:1      | 202 ||| INVOKING Spit Poison.
   214 | D:1      | 214 ||| INVOKING Spit Poison.
   265 | D:1      | Reached skill level 4 in Ranged Weapons
   265 | D:1      | Reached XP level 2. HP: 26/26 MP: 2/2
   269 | D:1      | 269 ||| INVOKING Spit Poison.
   282 | D:1      | 282 ||| INVOKING Spit Poison.
   303 | D:1      | 303 ||| INVOKING Spit Poison.
   321 | D:1      | 321 ||| INVOKING Spit Poison.
   357 | D:1      | 357 ||| INVOKING Spit Poison.
   372 | D:1      | 372 ||| INVOKING Spit Poison.
   376 | D:1      | 376 ||| INVOKING Spit Poison.
   379 | D:1      | 379 ||| INVOKING Spit Poison.
   385 | D:1      | 385 ||| INVOKING Spit Poison.
   389 | D:1      | 389 ||| INVOKING Spit Poison.
   393 | D:1      | 393 ||| INVOKING Spit Poison.
   476 | D:1      | 476 ||| FLEEEEING.
   477 | D:1      | 477 ||| FLEEEEING.
   478 | D:1      | 478 ||| FLEEEEING.
   487 | D:1      | 487 ||| INVOKING Spit Poison.
   488 | D:1      | Reached XP level 3. HP: 30/32 MP: 3/3
   573 | D:1      | 573 ||| INVOKING Spit Poison.
   587 | D:1      | 587 ||| INVOKING Spit Poison.
   588 | D:1      | 588 ||| INVOKING Spit Poison.
   624 | D:1      | 624 ||| INVOKING Spit Poison.
   703 | D:1      | 703 ||| INVOKING Spit Poison.
   760 | D:1      | 760 ||| INVOKING Spit Poison.
   883 | D:1      | 883 ||| INVOKING Spit Poison.
   889 | D:1      | 889 ||| INVOKING Spit Poison.
   904 | D:1      | 904 ||| INVOKING Spit Poison.
   909 | D:1      | 909 ||| DROPPING amulet of magic regeneration.
   910 | D:1      | 910 ||| DROPPING ring of wizardry.
   911 | D:1      | 911 ||| READING scroll labelled RAITUT SAVVA.
   915 | D:1      | 915 ||| READING scroll labelled DONAYDWOER.
   916 | D:1      | 916 ||| READING 3 scrolls labelled KOLUTS CUNNUJA.
   917 | D:1      | 917 ||| READING scroll labelled IXAURU KELATZ.
   918 | D:1      | 918 ||| READING 2 scrolls of identify.
   918 | D:1      | 918 ||| IDENTIFYING fuming black potion
   919 | D:1      | 919 ||| DROPPING scroll of butterflies.
   932 | D:2      | 932 ||| INVOKING Spit Poison.
   936 | D:2      | 936 ||| INVOKING Spit Poison.
   949 | D:2      | 949 ||| INVOKING Spit Poison.
  1032 | D:2      | 1032 ||| INVOKING Spit Poison.
  1037 | D:2      | 1037 ||| INVOKING Spit Poison.
  1043 | D:2      | 1043 ||| INVOKING Spit Poison.
  1180 | D:2      | 1180 ||| INVOKING Spit Poison.
  1186 | D:2      | 1186 ||| INVOKING Spit Poison.
  1188 | D:2      | Reached skill level 5 in Ranged Weapons
  1217 | D:2      | Noticed Jessica
  1218 | D:2      | 1218 ||| INVOKING Spit Poison.
  1220 | D:2      | Killed Jessica
  1221 | D:2      | Reached XP level 4. HP: 40/40 MP: 4/4
  1239 | D:2      | 1239 ||| INVOKING Spit Poison.
  1263 | D:2      | 1263 ||| INVOKING Spit Poison.
  1278 | D:2      | 1278 ||| INVOKING Spit Poison.
  1307 | D:2      | 1307 ||| INVOKING Spit Poison.
  1321 | D:2      | Reached skill level 3 in Fighting
  1417 | D:2      | 1417 ||| INVOKING Spit Poison.
  1437 | D:2      | 1437 ||| INVOKING Spit Poison.
  1442 | D:2      | Found a faded altar of an unknown god.
  1553 | D:2      | 1553 ||| READING 2 scrolls labelled PEUKUIFODD.
  1554 | D:2      | 1554 ||| READING 2 scrolls of identify.
  1554 | D:2      | 1554 ||| IDENTIFYING dark potion
  1555 | D:2      | 1555 ||| DROPPING scroll of revelation.
  1592 | D:3      | 1592 ||| INVOKING Spit Poison.
  1611 | D:3      | 1611 ||| INVOKING Spit Poison.
  1622 | D:3      | 1622 ||| INVOKING Spit Poison.
  1627 | D:3      | 1627 ||| INVOKING Spit Poison.
  1634 | D:3      | 1634 ||| INVOKING Spit Poison.
  1637 | D:3      | Reached XP level 5. HP: 27/49 MP: 5/5
  1670 | D:3      | 1670 ||| INVOKING Spit Poison.
  1725 | D:3      | 1725 ||| INVOKING Spit Poison.
  1753 | D:3      | 1753 ||| INVOKING Spit Poison.
  1920 | D:3      | 1920 ||| INVOKING Spit Poison.
  1932 | D:3      | 1932 ||| INVOKING Spit Poison.
  1989 | D:3      | Identified the +4 chain mail "Emieb" {rC+}
  2033 | D:3      | 2033 ||| INVOKING Spit Poison.
  2081 | D:3      | 2081 ||| INVOKING Spit Poison.
  2085 | D:3      | 2085 ||| Stepping ~*~*~tactically~*~*~ (outnumbered).
  2087 | D:3      | 2087 ||| INVOKING Spit Poison.
  2091 | D:3      | 2091 ||| INVOKING Spit Poison.
  2181 | D:3      | 2181 ||| INVOKING Spit Poison.
  2190 | D:3      | 2190 ||| INVOKING Spit Poison.
  2195 | D:3      | 2195 ||| INVOKING Spit Poison.
  2199 | D:3      | 2199 ||| INVOKING Spit Poison.
  2206 | D:3      | 2206 ||| INVOKING Spit Poison.
  2210 | D:3      | 2210 ||| INVOKING Spit Poison.
  2412 | D:3      | 2412 ||| UPGRADING to ring of resist corrosion.
  2413 | D:3      | 2413 ||| READING 2 scrolls labelled BABUTZ NEEG.
  2414 | D:3      | 2414 ||| DRINKING 3 bubbling red potions.
  2415 | D:3      | 2415 ||| DROPPING scroll of fog.
  2443 | D:4      | Found Kulal's Armour Shoppe.
  2446 | D:4      | 2446 ||| INVOKING Spit Poison.
  2450 | D:4      | 2450 ||| INVOKING Spit Poison.
  2452 | D:4      | Reached skill level 6 in Ranged Weapons
  2452 | D:4      | Reached XP level 6. HP: 51/56 MP: 6/6
  2465 | D:4      | 2465 ||| INVOKING Spit Poison.
  2470 | D:4      | 2470 ||| INVOKING Spit Poison.
  2530 | D:4      | 2530 ||| BUYING +0 helmet of intelligence (115 gold).
  2530 | D:4      | Bought a +0 helmet of intelligence for 115 gold pieces
  2530 | D:4      | 2530 ||| SHOPLISTING +0 robe of cold resistance (77 gold,
                  | have 28).
  2562 | D:4      | 2562 ||| INVOKING Spit Poison.
  2565 | D:4      | 2565 ||| INVOKING Spit Poison.
  2567 | D:4      | Found a shimmering altar of Xom.
  2604 | D:4      | 2604 ||| INVOKING Spit Poison.
  2611 | D:4      | 2611 ||| INVOKING Spit Poison.
  2723 | D:4      | Found a runed translucent gate.
  2724 | D:4      | Found a runed translucent gate.
  2724 | D:4      | Noticed qw's ghost (novice NaHu)
  2725 | D:4      | Found a runed translucent gate.
  2782 | D:4      | 2782 ||| INVOKING Spit Poison.
  2798 | D:4      | 2798 ||| INVOKING Spit Poison.
  2895 | D:4      | You fall into a shaft and drop 3 floors!
  2919 | D:7      | 2919 ||| UPGRADING to +0 helmet of intelligence.
  2924 | D:7      | 2924 ||| READING 3 scrolls labelled CYIPPUEWAR.
  3025 | D:7      | 3025 ||| READING scroll labelled QYIQAH VE ASEI.
  3026 | D:7      | 3026 ||| DROPPING 2 scrolls of silence.
  3043 | D:6      | 3043 ||| INVOKING Spit Poison.
  3050 | D:6      | 3050 ||| INVOKING Spit Poison.
  3051 | D:6      | 3051 ||| INVOKING Spit Poison.
  3140 | D:6      | Found Ollalys's Jewellery Shoppe.
  3146 | D:6      | 3146 ||| INVOKING Spit Poison.
  3152 | D:6      | 3152 ||| SHOPLISTING amulet of regeneration (330 gold, have
                  | 92).
  3152 | D:6      | 3152 ||| SHOPLISTING ring of positive energy (220 gold,
                  | have 92).
  3152 | D:6      | 3152 ||| SHOPLISTING ring of protection from cold (275
                  | gold, have 92).
  3157 | D:6      | 3157 ||| INVOKING Spit Poison.
  3210 | D:6      | 3210 ||| INVOKING Spit Poison.
  3298 | D:6      | 3298 ||| INVOKING Spit Poison.
  3302 | D:6      | 3302 ||| INVOKING Spit Poison.
  3308 | D:6      | HP: 14/57 [gnoll sergeant/+2 antimagic spear (8)]
  3309 | D:6      | 3309 ||| INVOKING Spit Poison.
  3309 | D:6      | HP: 4/57 [gnoll sergeant/+2 antimagic spear (10)]
  3310 | D:6      | Slain by a gnoll

Levels and vault maps discovered:
D:1:      dpeg_arrival_more_subterranean_lakeside_camping, layout_basic
D:2:      layout_loops_cross, dreamdust_ecumenical_altar_statues, uniq_jessica
D:3:      layout_loops_cross, chequers_serial_rivers_large_a, nicolae_wormholes
D:4:      layout_loops_corners, mainiacjoe_overflow_cross_hatched,
          nicolae_overflow_hidden_temple, serial_shops,
          nicolae_shop_advertising_works [nicolae_subvault_shop_adworks],
          gammafunk_ghost_split
D:6:      gammafunk_cloud_chamber, layout_basic,
          minmay_temple_entry_stoned_glass, serial_shops, nicolae_diamond_shop
D:7:      layout_basic, enter_bailey_5

Skill      XL: |  1  2  3  4  5  6 |
---------------+-------------------+-----
Ranged Weapons | 4 5 6 |  6.3
Fighting       | 3 4 |  4.1
Dodging        | |  1.5
Stealth        | |  1.5

Action                     |  1- 3 |  4- 6 || total
---------------------------+-------+-------++-------
   Fire: Shortbow          |    82 |   117 ||   199
Ability: Spit Poison       |    35 |    44 ||    79
    Use: Scroll            |     5 |     5 ||    10
         Potion            |       |     1 ||     1
 Armour: Leather armour    |    14 |    10 ||    24
  Dodge: Dodged            |    39 |    33 ||    72

Table legend:
 A = Non-vault XP
 B = Vault XP
 C = Vault XP percentage of total XP
 D = Non-vault monster count
 E = Vault monster count
 F = Vault count percentage of total count
                 A         B        C        D         E       F
            +---------+---------+-------+---------+---------+-------
      Total |     490 |      62 |  11.2 |      85 |       6 |   6.6
            +---------+---------+-------+---------+---------+-------
        D:1 |      54 |       0 |   0.0 |      32 |       0 |   0.0
        D:2 |      53 |      37 |  41.1 |      19 |       1 |   5.0
        D:3 |     120 |      20 |  14.3 |      21 |       4 |  16.0
        D:4 |     130 |       5 |   3.7 |       7 |       1 |  12.5
        D:6 |     133 |       0 |   0.0 |       6 |       0 |   0.0
            +---------+---------+-------+---------+---------+-------
